 Dungeon Crawl Stone Soup version 0.30-a0-365-ge7f957f1db (webtiles) character file.

Game seed: 11774831299273670608

244 Hubris850 the Chiller (level 6, -2/41 HPs)
             Began as a Merfolk Ice Elementalist on Nov 16, 2022.
             Slain by an iguana (7 damage)
             ... on level 4 of the Dungeon.
             The game lasted 00:07:48 (3222 turns).

Hubris850 the Chiller (Merfolk Ice Elementalist)    Turns: 3222, Time: 00:07:49

Health: -2/41      AC:  2    Str: 10    XL:     6   Next: 10%
Magic:  9/11       EV: 13    Int: 15    God:
Gold:   176        SH:  0    Dex: 14    Spells: 4/11 levels left

rFire   . . .      SeeInvis +    j - +2 whip (venom)
rCold   + . .      Faith    .    (no shield)
rNeg    . . .      Spirit   .    a - +0 robe
rPois   .          Reflect  .    (no helmet)
rElec   .          Harm     .    (no cloak)
rCorr   .          Rampage  .    (no gloves)
Will    .....                    (no boots)
Stlth   ++........               (no amulet)
HPRegen 0.26/turn                c - ring of protection from cold
MPRegen 0.12/turn                o - ring of see invisible

@: no status effects
A: (nimble swimmer 2), mertail
a: no special abilities


You were on level 4 of the Dungeon.
You visited 1 branch of the dungeon, and saw 4 of its levels.

You collected 176 gold pieces.

Inventory:

Hand Weapons
 e - a +0 dagger
 j - a +2 whip of venom (weapon)
 s - a +0 short sword of venom
Missiles
 q - 2 poisoned darts
Armour
 a - a +0 robe (worn)
Jewellery
 c - a ring of protection from cold (left hand)
 o - a ring of see invisible (right hand)
 t - an amulet of magic regeneration
Wands
 n - a wand of roots (8)
Scrolls
 d - 2 scrolls of immolation {unknown}
 f - a scroll of teleportation {unknown}
 i - 6 scrolls of identify {unknown}
 k - a scroll of summoning {unknown}
 l - 2 scrolls of torment {unknown}
 r - a scroll of brand weapon {unknown}
 u - a scroll of fear {unknown}
Potions
 g - 4 potions of curing {unknown}
 h - 2 potions of ambrosia {unknown}
 m - a potion of lignification {unknown}
 p - a potion of attraction {unknown}


   Skills:
 - Level 3.3 Dodging
 - Level 3.0 Stealth
 + Level 3.1 Unarmed Combat
 + Level 3.4 Spellcasting
 + Level 5.5 Ice Magic


You had 4 spell levels left.
You knew the following spells:

 Your Spells              Type           Power      Damage    Failure   Level
a - Freeze                Ice            76%        1d8       1%          1
b - Frozen Ramparts       Ice            38%        1d6       6%          3
c - Ozocubu's Armour      Ice            19%        N/A       6%          3

Your spell library contained the following spells:

 Spells                   Type           Power      Damage    Failure   Level
 Summon Ice Beast         Ice/Summ       10%        N/A       52%         4


Dungeon Overview and Level Annotations

Branches:
Dungeon (4/15)
 Temple: D:4-7

Altars:
Dithmenos
Yredelemnul


Innate Abilities, Weirdness & Mutations

((You are very nimble when in or above water. (Stealth+, EV+, Speed+++)))
Your lower body shifts to a powerful aquatic tail in water.


Message History

Magic courses through your body. The gnoll hits you with a +0 flail.
Casting: Frozen Ramparts (dangerous; 6% risk of failure)
Confirm with . or Enter, or press ? or * to list all spells.
Casting: Frozen Ramparts (dangerous; 6% risk of failure)
Press: ? - help, Dir - look around, f - activate The walls around you are covered in ice.
The wall freezes the gnoll.
The gnoll hits you with a +0 flail!
* * * LOW HITPOINT WARNING * * *
The wall freezes the iguana but does no damage.
The wall freezes the orc.
You hit the gnoll.
You kill the gnoll!
The wall freezes the iguana but does no damage.
The wall freezes the orc.
Unknown command.
You hit the orc.
You kill the orc!
The wall freezes the iguana.
The iguana seems to slow down.
The wall freezes the iguana but does no damage.
The wall freezes the gnoll.
You closely miss the iguana. You punch the iguana.
The iguana is moderately wounded.
The iguana is no longer moving slowly.
The wall freezes the gnoll.
The wall freezes the iguana.
The iguana seems to slow down.
The iguana bites you.
* * * LOW HITPOINT WARNING * * *
Your magical contamination has completely faded away.
You hit the iguana.
The iguana is heavily wounded.
The wall freezes the gnoll.
The wall freezes the iguana.
The iguana bites you.
* * * LOW HITPOINT WARNING * * *
Unknown command.
You barely miss the iguana.
The iguana is almost dead.
The wall freezes the gnoll.
Unknown command.
You closely miss the iguana.
The iguana is almost dead.
The frozen ramparts melt away.
The iguana bites you!
You die...

..# #.#..# ###..#..#.##
....
..##.#####.#..#).....
.... .
...##....##.#..#.##.##
.....#####.......#......
..... ###......<......##
.... #.+...............
.....##.#........#####.#
........'......#._.###.#
...###@#......###...#+#
#l#......# ###....
#g#############... #)#
#....)..... ..#
#.......... ...#
#........>. ...##
#.......... ....
#.......... o....
########...


You could see an iguana (slow) and a gnoll.

Vanquished Creatures
  2 hounds
  A gnoll bouda (D:4)
  An orc wizard (D:4)
  A hound zombie (D:3)
  3 gnolls (D:4)
  An adder (D:2)
  An adder zombie (D:3)
  A worm (D:3)
  9 orcs (D:4)
  4 bats
  3 endoplasms
  4 giant cockroaches
  8 goblins
  3 hobgoblins
  9 kobolds
  3 quokkas
  2 ball pythons (D:2)
  A ball python zombie (D:3)
  4 frilled lizards
  5 rats
66 creatures vanquished.

Notes
Turn   | Place    | Note
-------+----------+-------------------------------------------
     0 | D:1      | Hubris850 the Merfolk Ice Elementalist began the quest for
                  | the Orb.
     0 | D:1      | Reached XP level 1. HP: 13/13 MP: 3/3
   125 | D:1      | Reached XP level 2. HP: 19/19 MP: 0/5
   630 | D:1      | Reached skill level 1 in Unarmed Combat
   932 | D:1      | Reached XP level 3. HP: 18/24 MP: 6/6
  1145 | D:2      | Learned a level 3 spell: Frozen Ramparts
  1303 | D:2      | You fall into a shaft and drop 2 floors!
  1367 | D:3      | Reached XP level 4. HP: 16/30 MP: 4/7
  1534 | D:3      | Found a basalt altar of Yredelemnul.
  2291 | D:2      | Reached skill level 5 in Ice Magic
  2751 | D:4      | Found a shadowy altar of Dithmenos.
  2794 | D:4      | Reached XP level 5. HP: 29/35 MP: 9/9
  2844 | D:4      | Learned a level 3 spell: Ozocubu's Armour
  3210 | D:4      | Reached XP level 6. HP: 30/41 MP: 2/11
  3222 | D:4      | Slain by an iguana

Illustrated notes

Levels and vault maps discovered:
D:1:      dpeg_arrival_water_fire, layout_basic
D:2:      layout_rooms
D:3:      layout_basic, nicolae_yredelemnul_corpse_copse
D:4:      layout_basic, overflow_temple_1_default

Skill      XL: |  1  2  3  4  5 |
---------------+----------------+-----
Dodging        | 3 |  3.3
Unarmed Combat | 1 2 3 |  3.1
Stealth        | 3 |  3.0
Ice Magic      | 5 |  5.5
Spellcasting   | 3 |  3.4

Action                   |  1- 3 |  4- 6 || total
-------------------------+-------+-------++-------
Melee: Dagger            |    47 |     2 ||    49
       Whip              |    21 |   104 ||   125
       Punch             |     1 |     1 ||     2
Throw: Dart              |       |     1 ||     1
 Cast: Freeze            |    14 |       ||    14
       Frozen Ramparts   |     1 |     7 ||     8
       Ozocubu's Armour  |       |     1 ||     1
Evoke: Wand              |       |     1 ||     1
  Use: Potion            |       |     1 ||     1
 Stab: Sleeping          |     5 |     9 ||    14
Armor: Robe              |    12 |    14 ||    26
Dodge: Dodged            |    46 |    64 ||   110

Table legend: (Time is in decaauts)
 A = Elapsed time spent in this place.
 B = Non-inter-level travel time spent in this place.
 C = Inter-level travel time spent in this place.
 D = Time resting spent in this place.
 E = Time spent auto-exploring this place.
 F = Levels seen in this place.
 G = Mean time per level.
                   A        B        C        D        E       F      G
               +--------+--------+--------+--------+--------+-----+--------+
         Total |   3220 |   3091 |    129 |    262 |   2174 |   4 |  805.0 |
       Dungeon |   3220 |   3091 |    129 |    262 |   2174 |   4 |  805.0 |
               +--------+--------+--------+--------+--------+-----+--------+

Top non-repeatable levels by time:
     D:1: 1112 daAuts
     D:3: 976 daAuts
     D:4: 620 daAuts
     D:2: 510 daAuts
